cohdb
Replays
Latest Replays
All Replays
Popular Replays
Top Player Replays
Match Explorer
How It Works
Community
CoH3 Stats
Reddit
Sign in to upload your games and track your stats! →
Sign in with Steam
Match 45977017
Unlisted
Match 45977017
Overview
Messages
Build Orders
End
Construct Infanterie Kompanie
MG 42 Machine Gun Team
Grenadier Squad
Grenadier Squad
Construct Panzergrenadier Kompanie
Medical Station
Panzergrenadier Squad
Pak 40 Anti-tank Gun Team
Panzergrenadier Officer Quarters
Selects Terror Battlegroup
Selects Machine Gun Camouflage
Selects Defend the Fatherland
Construct Panzer Kompanie
Panzergrenadier Squad
Sturmpanzer IV Brummbär
Pak 40 Anti-tank Gun Team
Pioneer Squad
Stoßtruppen Squad
Five
Dark Lord Cthulhu
Titoo
DeFalko
0
0
Comments
sign in to comment!
No comments posted yet!